cohdb
Replays
Latest Replays
All Replays
Popular Replays
Top Player Replays
Match Explorer
How It Works
Community
CoH3 Stats
Reddit
Sign in to upload your games and track your stats! →
Sign in with Steam
Match 42656094
Unlisted
Match 42656094
Overview
Messages
Build Orders
End
Kradschützen Motorcycle Team
Selects Panzerjäger Kommand Battlegroup
Selects Mine Fields
Panzerpioneer Squad
Panzerpioneer Squad
250 Light Carrier
Construct Light Support Kompanie
Combat Half-tracks
Selects Tank Busters
Assault Grenadier Squad
Fire Support Elements
2.5-tonne Medical Truck
MG34 Team
Panzerjäger Squad
Flakvierling Half-track
Vehicle Survival Package
Selects Defensive Positions
Selects Butterfly Bomb Drop
Pak 38 Mechanized Group
Construct Panzerarmee Kommand
Panzerjäger Squad
Armored Reserves
Selects Crew Shock Tactics
Selects Anti-tank Overwatch
Panzer IV Assault Group
只愛❤毛妹
101st.Airbone
0
0
Comments
sign in to comment!
No comments posted yet!